 Dungeon Crawl Stone Soup version 0.31-a0-819-gf6de2f5ab6 (webtiles) character file.

Game seed: 16373138972878340355

1236 greenreed the Ruffian (level 8, -1/79 HPs)
             Began as a Troll Shapeshifter on Sept 23, 2023.
             Was an Initiate of Qazlal.
             Slain by a troll (9 damage)
             ... on level 6 of the Dungeon.
             The game lasted 00:06:19 (3372 turns).

greenreed the Ruffian (Troll Shapeshifter)          Turns: 3372, Time: 00:06:20

Health: -1/79      AC:  4    Str: 25    XL:     8   Next: 24%
Magic:  7/7        EV: 10    Int:  6    God:    Qazlal [......]
Gold:   271        SH:  0    Dex:  9    Spells: 7/7 levels left

rFire   . .          .
                       - Unarmed
rCold   . . .        (no shield)
rNeg    . . .        a - +0 animal skin
rPois   +            (helmet currently unavailable)
rElec   .            (cloak currently unavailable)
rCorr   .            (gloves unavailable)
SInv    +            (boots unavailable)
Will    .....        (no amulet)
Stlth   +            n - ring of poison resistance
HPRegen 1.13/turn    F - ring of see invisible
MPRegen 0.10/turn

%: no passive effects
@: beast-form
A: beast (slay +2), large, unfitting armour, claws 3, regeneration 1, shaggy fur
1, tough skin 1
a: Begin Untransformation, Renounce Religion


You were on level 6 of the Dungeon.
You worshipped Qazlal.
Qazlal was noncommittal.
You were a hulking beast.
You visited 2 branches of the dungeon, and saw 7 of its levels.

You collected 271 gold pieces.

Inventory:

Hand Weapons
 k - a +0 sling
 w - a +3 whip
Armour
 a - a +0 animal skin (worn)
Jewellery
 e - a ring of magical power
 n - a ring of poison resistance (left claw)
 r - a ring of wizardry
 v - a ring of positive energy
 x - a ring of positive energy
 F - a ring of see invisible (right claw)
Talismans
 c - a beast talisman (active)
 d - a flux talisman
 C - a blade talisman
Wands
 u - a wand of flame (47)
Scrolls
 f - a scroll of fear {unknown}
 g - 2 scrolls of vulnerability {unknown}
 i - 3 scrolls of teleportation {unknown}
 j - a scroll of summoning {unknown}
 m - 3 scrolls of identify {unknown}
 q - a scroll of enchant weapon {unknown}
 t - a scroll of amnesia {unknown}
 y - a scroll of revelation {unknown}
 A - a scroll of poison {unknown}
 B - a scroll of enchant armour {unknown}
Potions
 b - a potion of lignification
 h - a potion of haste {unknown}
 l - 2 potions of curing {unknown}
 o - a potion of cancellation {unknown}
 p - a potion of attraction {unknown}
 s - a potion of brilliance {unknown}
 z - 2 potions of degeneration {unknown}
 D - a potion of ambrosia {unknown}
 E - a potion of enlightenment {unknown}


   Skills:
 * Level 4.8 Fighting
 + Level 3.6 Dodging
 * Level 6.5 Unarmed Combat
 + Level 4.6 Shapeshifting


You had 7 spell levels left.
You didn't know any spells.
Your spell library contained the following spells:

 Spells                   Type           Power      Damage    Failure   Level
 Sandblast                Erth           0%         2d4       45%         1
 Passwall                 Tmut/Erth      0%         N/A       58%         2
 Poisonous Vapours        Pois/Air       0%         N/A       58%         2
 Mephitic Cloud           Conj/Pois/Air  0%         N/A       83%         3
 Stone Arrow              Conj/Erth      0%         3d7       83%         3
 Anguish                  Hex/Necr       0%         N/A       99%         4
 Brom's Barrelling Bould  Conj/Erth      0%         2d3       99%         4
 Cause Fear               Hex            0%         N/A       99%         4
 Fireball                 Conj/Fire      0%         3d3       100%        5
 Freezing Cloud           Conj/Ice/Air   0%         6-21      100%        5
 Iskenderun's Battlesphe  Conj           0%         2d6       100%        5
 Conjure Ball Lightning   Conj/Air       0%         3x3d6     100%        6
 Enfeeble                 Hex            0%         N/A       100%        7
 Orb of Destruction       Conj           0%         9d5       100%        7


Dungeon Overview and Level Annotations

Branches:
Dungeon (6/15)             Temple (1/1) D:5

Altars:
Cheibriados
Dithmenos
Elyvilon
Fedhas
Gozag
Kikubaaqudgha
Makhleb
Okawaru
Qazlal
Sif Muna
Trog
Uskayaw
Vehumet
Wu Jian
Xom
Yredelemnul
Zin
The Shining One

Shops:
D:4 !((


Innate Abilities, Weirdness & Mutations

You are a hulking beast.
Your limbs bulge with bestial killing power. (Slay +2)
You are too large for most types of armour.
You have claws for hands.
Your natural rate of healing is unusually fast.
You are covered in fur. (AC +1)
You have tough skin. (AC +1)


Message History

There is a stone staircase leading down here.
You start resting.
HP restored.
You climb downwards.
The orc wizard casts a spell at you.
You are confused.
The troll bites you!! The troll closely misses you. The troll claws you!
The orc wizard casts a spell.
The orc wizard flickers and vanishes for a moment.
There is a stone staircase leading up, spattered with blood here.
The troll misses you. The troll barely misses you. The troll claws you!
In your confused state, you trip and fall back down the stairs.
The troll barely misses you. x2; The troll claws you.
Unknown command.
Unknown command.
The troll bites you but does no damage. The troll barely misses you.
The troll closely misses you.
You scratch the orc wizard.
The orc wizard is moderately wounded.
The troll bites you! The troll closely misses you. The troll claws you!
* * * LOW HITPOINT WARNING * * *
You mangle the orc wizard!!
You kill the orc wizard!
Qazlal accepts your kill. The troll closely misses you. The troll claws you.
* * * LOW HITPOINT WARNING * * *
The troll misses you.
You feel less confused.
Okay, then.
The troll attacks as it pursues you! The troll closely misses you.
The troll claws you.
* * * LOW HITPOINT WARNING * * *
The troll closely misses you. The troll attacks as it pursues you!
The troll bites you!
* * * LOW HITPOINT WARNING * * *
The troll closely misses you. The troll barely misses you.
There is an escape hatch in the ceiling here.
The troll bites you but does no damage. The troll closely misses you.
The troll claws you!
You die...

.####...............# #.#..# ##
#....[...........# #...##
##..##.#...........# #.### #...#
###..........## ##.# ..#
######.#...#รท#.>### #o.# .#
##......#..##.##...###..#
####..######..#..#.........#
##..#........#.##o##.####.#
##..#..#####.##.hT.##.####.#
......####..(....####.#....#...
#...........>.....###..<........#
...#######...#.##................
..## #.....######............ ###
#..#### #.....>...... ..#####
##.## ##..........# #.....###..#
##...#....## #####..##..#
#######.##


You could see a troll and an orc.

Vanquished Creatures
  Edmund (D:4)
  A water moccasin (D:6)
  An ice beast (D:6)
  A black bear (D:4)
  An ogre (D:5)
  A bullfrog (D:6)
  2 scorpions (D:5)
  4 hounds
  An orc priest (D:6)
  3 jellies
  2 sleepcaps
  3 orc wizards (D:6)
  7 gnolls
  6 adders
  2 worms
  3 dart slugs
  7 orcs
  8 ball pythons
  7 endoplasms
  4 giant cockroaches
  6 goblins
  6 hobgoblins
  3 jackals (D:1)
  6 kobolds
  3 quokkas
  6 bats
  3 frilled lizards
  4 rats
102 creatures vanquished.

Notes
Turn   | Place    | Note
-------+----------+-------------------------------------------
     0 | D:1      | greenreed the Troll Shapeshifter began the quest for the
                  | Orb.
     0 | D:1      | Reached XP level 1. HP: 18/18 MP: 0/0
    46 | D:1      | Reached skill level 1 in Fighting
    49 | D:1      | Reached XP level 2. HP: 22/27 MP: 1/1
   155 | D:1      | Reached XP level 3. HP: 33/33 MP: 2/2
   278 | D:1      | Found a faded altar of an unknown god.
   879 | D:2      | Reached XP level 4. HP: 37/42 MP: 3/3
  1380 | D:3      | Reached skill level 4 in Unarmed Combat
  1440 | D:3      | Reached XP level 5. HP: 49/49 MP: 4/4
  1512 | D:3      | Found a blossoming altar of Fedhas.
  1612 | D:3      | Found an iron altar of Okawaru.
  1850 | D:4      | Noticed Edmund
  1858 | D:4      | Killed Edmund
  1859 | D:4      | Reached XP level 6. HP: 22/59 MP: 5/5
  1960 | D:4      | Found Oqiakh's Weapon Boutique.
  2171 | D:4      | Found Imysucray's Distillery.
  2191 | D:4      | Found Xyagyaz's Weapon Boutique.
  2228 | D:4      | Reached skill level 5 in Unarmed Combat
  2412 | D:5      | Entered Level 5 of the Dungeon
  2449 | D:5      | Identified the +0 leather armour of Munwe {rC+ Str+2 Int+3}
  2493 | D:5      | Reached XP level 7. HP: 63/67 MP: 6/6
  2624 | D:5      | Identified the +2 chain mail of Space {rPois rC+ Dex-2}
  2997 | D:5      | Found a staircase to the Ecumenical Temple.
  3005 | Temple   | Entered the Ecumenical Temple
  3015 | Temple   | Became a worshipper of Qazlal Stormbringer
  3068 | D:6      | Reached skill level 6 in Unarmed Combat
  3150 | D:6      | Reached XP level 8. HP: 79/79 MP: 7/7
  3324 | D:6      | Noticed a troll
  3372 | D:6      | Slain by a troll

Illustrated notes

Levels and vault maps discovered:
D:1:      minmay_arrival_open_corners, layout_basic,
          shapermc_ecumenical_altar_venn, serial_bayou_pond_d
D:2:      cheibrodos_helix_gallery, layout_basic
D:3:      layout_rooms, mainiacjoe_overflow_catch_the_wave,
          minmay_shallow_snake_nest
D:4:      layout_rooms, serial_shops, shop, shop_statue,
          nicolae_shop_hallway_plus, uniq_edmund
D:5:      layout_loops_ring, temple_doors_ab
D:6:      layout_rooms
Temple:   eino_temple_scatter_basement

Skill      XL: |  1  2  3  4  5  6  7 |
---------------+----------------------+-----
Fighting       | 1 2 3 4 |  4.8
Dodging        | 2 3 |  3.6
Unarmed Combat | 4 5 6 |  6.5
Shapeshifting  | 4 |  4.6

Action                     |  1- 3 |  4- 6 |  7- 9 || total
---------------------------+-------+-------+-------++-------
  Melee: Unarmed           |    82 |    82 |    64 ||   228
         Punch             |     4 |     2 |     1 ||     7
 Armour: Animal skin       |    60 |    56 |    59 ||   175
  Dodge: Dodged            |    33 |    47 |    33 ||   113

Table legend: (Time is in decaauts)
 A = Elapsed time spent in this place.
 B = Non-inter-level travel time spent in this place.
 C = Inter-level travel time spent in this place.
 D = Time resting spent in this place.
 E = Time spent auto-exploring this place.
 F = Levels seen in this place.
 G = Mean time per level.
                   A        B        C        D        E       F      G
               +--------+--------+--------+--------+--------+-----+--------+
         Total |   3350 |   3159 |    191 |      9 |   2449 |   7 |  478.6 |
       Dungeon |   3330 |   3157 |    173 |      9 |   2449 |   6 |  555.0 |
        Temple |     20 |      2 |     18 |      0 |      0 |   1 |   20.0 |
               +--------+--------+--------+--------+--------+-----+--------+

Top non-repeatable levels by time:
     D:2: 779 daAuts
     D:5: 617 daAuts
     D:4: 564 daAuts
     D:1: 528 daAuts
     D:3: 527 daAuts
     D:6: 313 daAuts
  Temple: 20 daAuts
